 Dungeon Crawl Stone Soup version 0.28-a0-529-g3bad584f25 (webtiles) character file.

Game seed: 3780789885748587558

23 sanka the Distorting Palentonga (level 2, 25/25 HPs)
             Began as a Palentonga Abyssal Knight on Sept 24, 2021.
             Was a Believer of Lugonu.
             Quit the game on level 1 of the Dungeon.
             The game lasted 00:01:20 (964 turns).

sanka the Distorting Palentonga (PaAK)               Turns: 964, Time: 00:01:20

Health: 25/25      AC:  4    Str: 16    XL:     2   Next: 75%
Magic:  4/4        EV:  9    Int: 10    God:    Lugonu [**....]
Gold:   48         SH:  0    Dex: 10    Spells: 1/1 levels left

rFire   . . .      SeeInvis +   a - +1 hand axe
rCold   . . .      Faith    .   (no shield)
rNeg    . . .      Spirit   .   b - +0 leather armour
rPois   .          Reflect  .   (no helmet)
rElec   .          Harm     .   (no cloak)
rCorr   .          Rampage  .   (no gloves)
Will    .....                   (no barding)
Stlth   +.........              (no amulet)
HPRegen 0.08/turn               (no ring)
MPRegen 0.09/turn               (no ring)

@: studying Unarmed Combat
A: large, rugged brown scales 3, see invisible, deformed body, roll 1, armoured
tail
a: Rolling Charge, Renounce Religion, Depart the Abyss, Bend Space


You were on level 1 of the Dungeon.
You worshipped Lugonu.
Lugonu was pleased with you.
You visited 1 branch of the dungeon, and saw 1 of its levels.
You visited the Abyss 1 time.

You collected 48 gold pieces.


Innate Abilities, Weirdness & Mutations

You are completely covered in rugged brown scales. (AC +3, +7% HP)
You have supernaturally acute eyesight. (SInv)
Armour fits poorly on your strangely shaped body.
You can roll at nearby foes to attack.
You have a long armoured tail.


   Skills:
 - Level 3.0 Fighting
 - Level 2.0 Axes
 - Level 1.5 Armour
 - Level 0.7 Dodging
 + Level 3.6 Invocations


You had one spell level left.
You didn't know any spells.
Your spell library was empty.

Inventory:

Hand Weapons
 a - a +1 hand axe (weapon)
Armour
 b - a +0 leather armour (worn)
Scrolls
 d - a scroll of fear {unknown}
 e - a scroll of fog {unknown}
Potions
 c - a potion of curing {unknown}

Dungeon Overview and Level Annotations

Branches:
Dungeon (1/15)

Altars:

Shops:
D:1

( ▒.▒▒▒▒ ▒.▒
▒ ▒.▒▒▒▒
▒.▒▒..
▒.▒▒.▒ ▒▒▒▒
▒.▒▒.▒ ▒..
▒.▒ ▒.▒ ▒.▒
▒H▒ ▒.▒ ▒.▒
▒.▒ ▒.▒ ▒.▒
▒.▒▒▒▒▒▒▒▒.▒
▒.▒
▒.▒▒......▒
▒.▒
▒.▒▒.▒▒▒▒▒.▒
▒..
▒.▒▒.▒▒▒▒▒▒.
▒▒▒
▒...........
▒▒▒▒.▒▒▒▒▒▒▒


There were no monsters in sight!


Message History

You slash the endoplasm!
You kill the endoplasm!
Lugonu accepts your kill.
You can now bend space around yourself.
No target in view!
No target in view!
You now have 48 gold pieces (gained 9).
e - a scroll labelled SEYBOEMODO
There is an open door here.
A hobgoblin comes into view.
The hobgoblin shouts!
A hobgoblin is nearby!
You hit the hobgoblin.
The hobgoblin is heavily wounded.
The hobgoblin hits you.
You hit the hobgoblin.
You kill the hobgoblin!
Lugonu accepts your kill.
No target in view!
You see here a hobgoblin corpse.
An endoplasm comes into view.
An endoplasm is nearby!
An endoplasm is nearby!
The helpless endoplasm fails to defend itself.
You hit the endoplasm.
You kill the endoplasm!
Lugonu accepts your kill.
No target in view!
No target in view!
Are you sure you want to abandon this character and quit the game? (Confirm with "yes".)

Action                   || total
-------------------------++-------
Melee: Hand axe          ||    38
 Stab: Sleeping          ||     1
Armor: Leather armour    ||     9
Dodge: Dodged            ||    19

Levels and vault maps discovered:
D:1:      sevenhm_arrival_forest_fort_large_2, layout_loops_ring,
          dreamdust_ecumenical_altar_grove, serial_shops,
          nicolae_shop_waterfront, amcnicky_mini_rare_corridor_liquid,
          nrook_mini_vaults

Notes
Turn   | Place    | Note
-------+----------+-------------------------------------------
     0 | Abyss:1  | sanka the Palentonga Abyssal Knight began the quest for the
                  | Orb.
     0 | Abyss:1  | Reached XP level 1. HP: 19/19 MP: 2/2
    18 | D:1      | Escaped the Abyss
   335 | D:1      | Reached XP level 2. HP: 21/25 MP: 4/4
   337 | D:1      | Reached skill level 3 in Invocations
   590 | D:1      | Found Ahofil's Weapon Shoppe.
   793 | D:1      | Found a faded altar of an unknown god.
   891 | D:1      | Reached ** piety under Lugonu
   964 | D:1      | Quit the game

Vanquished Creatures
  A dart slug (D:1)
  3 ball pythons (D:1)
  5 endoplasms (D:1)
  A giant cockroach (D:1)
  2 hobgoblins (D:1)
  3 bats (D:1)
  3 frilled lizards (D:1)
  A goblin (D:1)
  2 rats (D:1)
21 creatures vanquished.
